 Dungeon Crawl Stone Soup version 0.30.0 (webtiles) character file.

Game seed: 7467097659734061233

4 Vegetables the Grave Robber (level 1, -3/14 HPs)
             Began as a Ghoul Necromancer on June 26, 2023.
             Slain by a goblin
             ... wielding a +2 dagger of distortion
              (12 damage)
             ... on level 1 of the Dungeon.
             The game lasted 00:04:55 (158 turns).

Vegetables the Grave Robber (Ghoul Necromancer)      Turns: 158, Time: 00:04:56

Health: -3/14      AC:  2    Str: 11    XL:     1   Next: 60%
Magic:  1/2        EV: 12    Int: 10    God:
Gold:   18         SH:  0    Dex:  9    Spells: 2/3 levels left

rFire   . . .        c - +0 whip
rCold   + . .        (no shield)
rNeg    + + +        a - +0 robe
rPois   ∞            (no helmet)
rElec   .            (no cloak)
rCorr   .            (no gloves)
SInv    .            (no boots)
Will    .....        (no amulet)
Stlth   ++           (no ring)
HPRegen 0.00/turn    (no ring)
MPRegen 0.08/turn

%: no passive effects
@: inhibited regen
A: claws 1, cold resistance 1, negative energy resistance 3, inhibited
regeneration, torment resistance 2, devour on kill
a: no special abilities


You were on level 1 of the Dungeon.
You visited 1 branch of the dungeon, and saw 1 of its levels.

You collected 18 gold pieces.

Inventory:

Hand Weapons
 c - a +0 whip (weapon)
Missiles
 d - 6 datura-tipped darts
 f - 8 stones
Armour
 a - a +0 robe (worn)
Scrolls
 i - a scroll of poison {unknown}
Potions
 b - a potion of magic
 e - a potion of attraction {unknown}
 g - 2 potions of lignification {unknown}
 h - a potion of haste {unknown}


   Skills:
 + Level 1.9 Dodging
 + Level 2.2 Stealth
 + Level 1.7 Spellcasting
 + Level 4.1 Necromancy


You had 2 spell levels left.
You knew the following spells:

 Your Spells              Type           Power      Damage    Failure   Level
a - Necrotise             Necr           36%        1d5       6%          1

Your spell library contained the following spells:

 Spells                   Type           Power      Damage    Failure   Level
 Vampiric Draining        Necr           9%         2d6       17%         3
 Animate Dead             Necr           9%         N/A       50%         4
 Agony                    Necr           9%         N/A       85%         5


Dungeon Overview and Level Annotations

Branches:
Dungeon (1/15)

Altars:


Innate Abilities, Weirdness & Mutations

You are immune to poison.
You have sharp fingernails.
Your flesh is cold resistant. (rC+)
You are immune to negative energy. (rN+++)
You do not regenerate when monsters are visible.
You are immune to unholy pain and torment.
You thrive by killing the living.


Message History

Your damage rating with your +0 whip is about 6 (Base 6 x 102% (Str) x 100% (Skill)).
Found a ruby potion.
Found a scroll labelled NYTELYCURA.
Found a fizzy green potion.
You now have 18 gold pieces (gained 8).
h - a white potion
i - a scroll labelled NYTELYCURA
There are no items here.
Found 6 gold pieces.
g - 2 ruby potions (gained 1)
A bat and a goblin come into view.
The goblin is wielding a +2 dagger of distortion.
Unknown command.
Unknown command.
Found 25 gold pieces.
The goblin shouts!
Casting: Necrotise (safe; 6% risk of failure)
Confirm with . or Enter, or press ? or * to list all spells.
Aiming: Necrotise (safe; 6% risk of failure)
Press: ? - help, Shift-Dir - straight line, f - bat
Aim: a bat (chance to affect: 76%)
The bat writhes in agony.
Okay, then.
You hit the bat but do no damage.
The bat is moderately wounded.
The bat misses you. The bat closely misses you. x2
There are monsters nearby!
There are monsters nearby!
There are monsters nearby!
You closely miss the goblin. The bat closely misses you.
The goblin hits you with a +2 dagger of distortion.
You blink.
A hobgoblin comes into view.
The bat completely misses you.
You miss the bat. The bat hits you but does no damage. The bat misses you.
You closely miss the goblin. The bat hits you but does no damage.
The goblin hits you with a +2 dagger of distortion.
Space warps horribly around you!
Ouch! That really hurt!
You die...

############....# §§§≈.
...#. #.....#.≈≈≈≈≈.#
#........##.....#..§≈§.§#
#.##.>......#...##.....##.
#.###.....................
..##...#.........#...$....
......#..........#........
.................#...#...g
..##.###........@b........
...............#g.........
..................#.......
.......>...........!......
##.#####.......#..........
##.# #.#######..........
##.# #.# #.#..#..... ##.#
#.# #.#.......# .... #.#
#.#...#...


You could see a goblin and a bat.

Vanquished Creatures
  A ball python (D:1)
  A goblin (D:1)
  A kobold (D:1)
3 creatures vanquished.

Notes
Turn   | Place    | Note
-------+----------+-------------------------------------------
     0 | D:1      | Vegetables the Ghoul Necromancer began the quest for the
                  | Orb.
     0 | D:1      | Reached XP level 1. HP: 14/14 MP: 2/2
   158 | D:1      | Slain by a goblin

Illustrated notes

Levels and vault maps discovered:
D:1:      scummos_arrival_gate, layout_rooms, serial_shops,
          nicolae_lakefront_shop, shop, minmay_pentomino_o4

Action                     || total
---------------------------++-------
  Melee: Whip              ||    18
   Cast: Necrotise         ||     1
    Use: Scroll            ||     1
 Armour: Robe              ||     5
  Dodge: Dodged            ||    13
